 Dungeon Crawl Stone Soup version 0.30-a0-393-g54b8e3be05 (webtiles) character file.

Game seed: 8624420538889828211

7433 p00ps00p the Cleaver (level 11, -16/101 HPs)
             Began as a Hill Orc Fighter on Dec 5, 2022.
             Was an Initiate of Gozag.
             Demolished by an ogre
             ... wielding a +0 giant spiked club
              (28 damage)
             ... while paralysed by an orc sorcerer
             ... on level 1 of the Orcish Mines.
             The game lasted 00:18:57 (10336 turns).

p00ps00p the Cleaver (Hill Orc Fighter)            Turns: 10336, Time: 00:18:58

Health: -16/101    AC: 13    Str: 24    XL:     11   Next: 15%
Magic:  11/11      EV:  2    Int: 11    God:    Gozag
Gold:   1102       SH:  0    Dex:  8    Spells: 10/10 levels left

rFire   + . .      SeeInvis +    r - +1 hand axe (vamp)
rCold   + . .      Faith    .    v - +4 tower shield
rNeg    . . .      Spirit   .    z - +11 chain mail of Tenacity {Will+}
rPois   .          Reflect  .    y - +1 helmet {Int+3}
rElec   .          Harm     .    p - +2 cloak
rCorr   .          Rampage  .    m - +0 pair of gloves {Stlth+}
Will    +....                    i - +2 pair of boots
Stlth   ..........               d - amulet of regeneration
HPRegen 1.16/turn                h - ring of see invisible
MPRegen 0.12/turn                w - ring of protection from fire

@: paralysed, corroded, gold aura
A: clumsy 1, cold resistance 1
a: Renounce Religion, Potion Petition, Call Merchant, Bribe Branch


You were on level 1 of the Orcish Mines.
You worshipped Gozag.
Gozag was most pleased with you.
You visited 3 branches of the dungeon, and saw 14 of its levels.

You collected 2321 gold pieces.
You spent 682 gold pieces at shops.
You paid 537 gold pieces to Gozag.

Inventory:

Hand Weapons
 r - a +1 vampiric hand axe (weapon)
 t - a +1 war axe of flaming
 E - a +0 broad axe
Missiles
 x - a throwing net (quivered)
Armour
 i - a +2 pair of boots (worn)
 m - a +0 pair of gloves of stealth (worn)
 n - the +3 chain mail "Nivvutwoca" {rPois Dex+4 Slay+3}
   (You found it on level 4 of the Dungeon)

   Dex:       It affects your dexterity (+4).
   Slay:      It affects your accuracy & damage with ranged weapons and melee
   (+3).
   rPois:     It protects you from poison.
 p - a +2 cloak (worn)
 v - a +4 tower shield (worn)
 y - a +1 helmet of intelligence (worn)
 z - the +11 chain mail of Tenacity (worn) {Will+}
   (You bought it in a shop on level 9 of the Dungeon)

   Will:      It increases your willpower.
Jewellery
 d - an amulet of regeneration (around neck)
 h - a ring of see invisible (left hand)
 w - a ring of protection from fire (right hand)
Wands
 j - a wand of roots (16)
 s - a wand of flame (9)
Scrolls
 c - 4 scrolls of teleportation
 o - 6 scrolls of magic mapping
 q - 2 scrolls of fog
 A - a scroll of enchant weapon {unknown}
 B - a scroll of identify
 D - a scroll of enchant armour
Potions
 a - a potion of heal wounds
 b - 6 potions of curing
 e - 3 potions of brilliance
 f - 3 potions of flight
 g - a potion of lignification {unknown}
 k - a potion of attraction
 u - 3 potions of magic
 C - a potion of haste {unknown}


   Skills:
 + Level 10.7 Fighting
 + Level 11.3 Axes
 + Level 9.8 Armour
 + Level 9.9 Shields


You had 10 spell levels left.
You didn't know any spells.
Your spell library contained the following spells:

 Spells                   Type           Power      Damage    Failure   Level
 Magic Dart               Conj           0%         1d3       100%        1
 Necrotise                Necr           0%         1d4       100%        1
 Call Imp                 Summ           0%         N/A       100%        2
 Searing Ray              Conj           0%         2d4       100%        2
 Kindle Blastsparks       Fire/Tloc/Air  0%         2d10      100%        3
 Mephitic Cloud           Conj/Pois/Air  0%         N/A       100%        3
 Tukima's Dance           Hex            0%         N/A       100%        3
 Vampiric Draining        Necr           0%         2d6       100%        3
 Fulminant Prism          Conj/Hex       0%         3d5       100%        4
 Iskenderun's Mystic Bla  Conj/Tloc      0%         2d3       100%        4
 Passage of Golubria      Tloc           0%         N/A       100%        4
 Agony                    Necr           0%         N/A       100%        5
 Lee's Rapid Deconstruct  Erth           0%         3d4*      100%        5
 Silence                  Hex/Air        0%         N/A       100%        5
 Yara's Violent Unravell  Hex/Tmut       0%         3d3       100%        5
 Lehudib's Crystal Spear  Conj/Erth      0%         10d2      100%        8


Dungeon Overview and Level Annotations

Branches:
Dungeon (11/15)            Temple (1/1) D:4            Lair (0/5) D:8
    Orc (2/2) D:10
    Elf: Orc:2

Altars:
Ashenzari
Cheibriados
Dithmenos
Elyvilon
Fedhas
Gozag
Hepliaklqana
Kikubaaqudgha
Makhleb
Nemelex Xobeh
Okawaru
Qazlal
Ru
Sif Muna
Trog
Uskayaw
Vehumet
Wu Jian
Xom
Yredelemnul
Zin
The Shining One
Jiyva

Shops:
D:8 [   D:9 [   Orc:2 *

Portals:
Trove: D:10 (give +5 demon whip)

Annotations:
D:10 3 runed translucent doors, cheesebisquit's ghost, novice MiBe


Innate Abilities, Weirdness & Mutations

You are clumsy. (Dex -2)
Your flesh is cold resistant. (rC+)


Message History

You closely miss the orc.
The orc is severely wounded.
You hit the orc warrior but do no damage.
You hit the orc sorcerer but do no damage.
You barely miss the ogre. You hit the neqoxec but do no damage.
You hit the orc wizard but do no damage.
You hit the rust devil but do no damage.
The orc warrior hits you with a +0 flail of protection.
You block the orc's attack. You block the orc sorcerer's attack.
You block the orc wizard's attack.
The ogre hits you with a +0 giant spiked club!!
* * * LOW HITPOINT WARNING * * *
The rust devil is distracted by your dazzling golden aura.
The neqoxec completely misses you.
The ice devil is distracted by your dazzling golden aura.
The rust devil screeches!
You hit the orc but do no damage.
The orc is severely wounded.
You closely miss the neqoxec. You hit the orc wizard.
You closely miss the rust devil.
The rust devil is no longer distracted by gold.
You hit the orc warrior but do no damage.
You hit the orc sorcerer but do no damage.
You hit the ogre but do no damage.
The rust devil disappears in a puff of smoke!
The orc warrior hits you with a +0 flail of protection.
* * * LOW HITPOINT WARNING * * *
You block the orc's attack.
The orc sorcerer casts a spell.
You block the orc wizard's attack. The ogre barely misses you.
The neqoxec hits you but does no damage.
Blink to where?
Press: ? - help, Q - select action, (/) - cycle Dir - move target
As you read the scroll of blinking, it crumbles to dust.
The neqoxec disappears in a puff of smoke!
The orc sorcerer casts a spell at you.
You suddenly lose the ability to move!
You stop descending the stairs.
The ogre hits you with a +0 giant spiked club!!
You die...
Your body crumbles into a pile of gold.

...........$.
..........#.# ..
...........## ...
...........#
....##........#
....#.........# $
..............#..
.......oo@.......
.......oO.....#>#
......$oo........
......4..§.......
.......4.§.......
.........#..#....
........#.....#..
....#..........#.
.#.............


You could see an ice devil (summoned), a rust devil (summoned), an orc sorcerer,
an orc warrior, an ogre, 2 orc wizards and an orc.

Vanquished Creatures
  Pikel (D:4)
  A cyclops (D:9)
  3 trolls
  3 wargs (Orc:1)
  An acid dragon (D:9)
  16 orc warriors
  3 ice beasts
  A sky beast (D:7)
  A black bear (D:8)
  4 wolves (D:8)
  2 ogres
  3 centaurs
  2 lemures (D:4)
  A gnoll sergeant (D:9)
  3 bullfrogs
  4 scorpions
  A wight (D:7)
  10 killer bees
  2 howler monkeys
  3 electric eels (D:8)
  2 jellies
  8 hounds
  Crazy Yiuf (D:6)
  18 orc priests
  3 iguanas
  Ijyb (D:4)
  Natasha (thrice) (D:3)
  12 orc wizards
  4 gnolls (D:9)
  5 adders
  2 shadow imps
  2 white imps (D:7)
  A worm (D:2)
  8 dart slugs
  58 orcs
  6 endoplasms
  3 giant cockroaches
  6 goblins
  6 hobgoblins
  3 jackals (D:4)
  5 quokkas
  7 ball pythons
  8 bats
  A frilled lizard (D:1)
  3 kobolds
  8 rats
249 creatures vanquished.

Vanquished Creatures (others)
  An orc wizard (Orc:1)
  4 plants (D:9)
5 creatures vanquished.

Grand Total: 254 creatures vanquished

Notes
Turn   | Place    | Note
-------+----------+-------------------------------------------
     0 | D:1      | p00ps00p the Hill Orc Fighter began the quest for the Orb.
     0 | D:1      | Reached XP level 1. HP: 19/19 MP: 1/1
    68 | D:1      | Reached skill level 3 in Axes
    68 | D:1      | Reached XP level 2. HP: 27/27 MP: 2/2
   568 | D:1      | Found a faded altar of an unknown god.
   776 | D:1      | Reached XP level 3. HP: 33/33 MP: 3/3
  1389 | D:2      | Reached XP level 4. HP: 37/40 MP: 4/4
  1800 | D:3      | Noticed Natasha
  1809 | D:3      | Killed Natasha
  2027 | D:3      | Reached skill level 4 in Axes
  2027 | D:3      | Reached XP level 5. HP: 39/47 MP: 5/5
  2332 | D:3      | Noticed Natasha
  2348 | D:3      | Killed Natasha
  2391 | D:3      | Noticed Natasha
  2410 | D:3      | Killed Natasha
  2620 | D:4      | Reached skill level 5 in Fighting
  2620 | D:4      | Reached XP level 6. HP: 48/56 MP: 6/6
  2848 | D:4      | You fall into a shaft and drop 2 floors!
  2972 | D:5      | Entered Level 5 of the Dungeon
  3017 | D:5      | Reached skill level 5 in Axes
  3059 | D:5      | Reached skill level 5 in Armour
  3059 | D:5      | Reached skill level 5 in Shields
  3059 | D:5      | Reached XP level 7. HP: 55/61 MP: 7/7
  3270 | D:4      | Found a staircase to the Ecumenical Temple.
  3393 | Temple   | Entered the Ecumenical Temple
  3445 | Temple   | Became a worshipper of Gozag Ym Sagoz the Greedy
  3546 | D:4      | Noticed Pikel
  3572 | D:4      | Killed Pikel
  3573 | D:4      | Reached skill level 6 in Axes
  3573 | D:4      | Reached XP level 8. HP: 18/71 MP: 8/8
  3857 | D:4      | Noticed Ijyb
  3868 | D:4      | Killed Ijyb
  4071 | D:4      | Identified the +3 chain mail "Nivvutwoca" {rPois Dex+4
                  | Slay+3}
  4227 | D:5      | Identified the +1 morningstar "Masehoith" {drain, Int+3
                  | Stlth+}
  4573 | D:5      | Reached skill level 7 in Axes
  5004 | D:6      | Found a hide-covered altar of Uskayaw.
  5115 | D:6      | Found a shimmering altar of Xom.
  5116 | D:6      | Found a shimmering altar of Xom.
  5116 | D:6      | Found a shimmering altar of Xom.
  5117 | D:6      | Found a shimmering altar of Xom.
  5185 | D:6      | Found a blossoming altar of Fedhas.
  5187 | D:6      | Found a broken altar of Ashenzari.
  5187 | D:6      | Found a bloodstained altar of Trog.
  5247 | D:6      | Found a runed translucent door.
  5248 | D:6      | Noticed Crazy Yiuf
  5514 | D:6      | Killed Crazy Yiuf
  5515 | D:6      | Reached XP level 9. HP: 79/79 MP: 9/9
  5845 | D:7      | Reached skill level 8 in Axes
  6336 | D:8      | Found a radiant altar of Vehumet.
  6336 | D:8      | Found an ancient bone altar of Kikubaaqudgha.
  6343 | D:8      | Found a shimmering blue altar of Sif Muna.
  6350 | D:8      | Got Kikubaaqudgha's Commentary on Exhumation
  6383 | D:8      | Noticed a troll
  7253 | D:8      | Reached skill level 9 in Axes
  7305 | D:8      | Killed a troll
  7385 | D:8      | Reached XP level 10. HP: 91/91 MP: 10/10
  7497 | D:8      | Found a staircase to the Lair.
  7724 | D:8      | Found Qijioge's Antique Armour Shoppe.
  8249 | D:9      | Noticed a cyclops
  8262 | D:9      | Killed a cyclops
  8263 | D:9      | Reached skill level 10 in Axes
  8268 | D:9      | Bought a shiny helmet for 292 gold pieces
  8268 | D:9      | Bought a twisted chain mail for 370 gold pieces
  8268 | D:9      | Identified the +11 chain mail of Tenacity {Will+} (You
                  | bought it in a shop on level 9 of the Dungeon)
  8426 | D:9      | Found a sparkling altar of Nemelex Xobeh.
  8750 | D:10     | Entered Level 10 of the Dungeon
  8894 | D:10     | Found a runed translucent gate.
  8895 | D:10     | Found a runed translucent gate.
  8896 | D:10     | Found a runed translucent gate.
  8984 | D:10     | Noticed cheesebisquit's ghost (novice MiBe)
  8984 | D:10     | Noticed a glowing orange brain
  9211 | D:10     | Found a portal to a secret trove of treasure.
  9301 | D:10     | Reached skill level 10 in Fighting
  9409 | D:10     | Found a staircase to the Orcish Mines.
  9568 | D:10     | Found a viscous altar of Jiyva.
  9642 | Orc:1    | Entered Level 1 of the Orcish Mines
  9761 | D:11     | Noticed a kobold demonologist
  9877 | D:10     | Reached skill level 11 in Axes
 10018 | Orc:1    | Reached XP level 11. HP: 101/101 MP: 11/11
 10139 | Orc:2    | Entered Level 2 of the Orcish Mines
 10193 | Orc:2    | Found Joplel's CLEARANCE SALE!.
 10204 | Orc:2    | Bought a +0 broad axe for 20 gold pieces
 10301 | Orc:1    | Noticed an orc sorcerer
 10311 | Orc:1    | Paralysed by an orc sorcerer for 5 turns
 10319 | Orc:1    | Paralysed by an orc sorcerer for 3 turns
 10323 | Orc:1    | Gained mutation: Your flesh is cold resistant. (rC+) [a
                  | neqoxec]
 10325 | Orc:1    | Gained mutation: You are clumsy. (Dex -2) [a neqoxec]
 10336 | Orc:1    | Paralysed by an orc sorcerer for 3 turns
 10336 | Orc:1    | Demolished by an ogre

Illustrated notes

Levels and vault maps discovered:
D:1:      tarquinn_simple_flora_water_e, layout_basic,
          ebering_ecumenical_altar_webs, minmay_indecisive_spiral
D:2:      layout_basic
D:3:      layout_loops_ring, uniq_natasha
D:4:      layout_loops_corners, minmay_temple_entry_fiery, minmay_distorted,
          uniq_ijyb, uniq_pikel
D:5:      layout_gridville
D:6:      layout_basic, xom_redecorated, mainiacjoe_overflow_surrounded_room,
          grunt_temple_overflow_open, hangedman_abyss_or_decor_passed,
          minmay_misc_feat_chi, uniq_crazy_yiuf_cottage
D:7:      cheibrodos_helix_gallery, layout_basic
D:8:      layout_basic, grunt_temple_overflow_magic_moments, erik_lair_island,
          serial_shops, nicolae_shop_stone, special_room [special_room_orc],
          serial_glass, glass_columns_b, glass_columns_b
D:9:      layout_loops_cross, nemelex_spade_bored_becter, grunt_decor_arrowhead,
          serial_bayou_pond_c, abandoned_shop, nicolae_benzene_ring
D:10:     layout_small_grid, david_orc_4, enter_trove_6, gammafunk_ghost_ooze
D:11:     layout_basic
Temple:   nicolae_temple_ecumenical_triangle
Orc:1:    layout_caves
Orc:2:    pf_orc_diabolical, layout_caves, nicolae_shop_clearance

Skill      XL: |  1  2  3  4  5  6  7  8  9 10 |
---------------+-------------------------------+-----
Axes           | 3 4 5 6 7 9 11 | 11.3
Fighting       | 4 5 6 7 9 10 | 10.7
Armour         | 4 5 6 8 9 |  9.8
Shields        | 4 5 6 8 9 |  9.9

Action                   |  1- 3 |  4- 6 |  7- 9 | 10-12 || total
-------------------------+-------+-------+-------+-------++-------
Melee: War axe           |   107 |       |       |       ||   107
       Hand axe          |       |   193 |   384 |   505 ||  1082
Invok: Call Merchant     |       |       |       |     1 ||     1
Evoke: Wand              |       |       |     4 |       ||     4
  Use: Scroll            |     4 |     7 |    10 |     2 ||    23
       Potion            |       |       |     4 |       ||     4
 Stab: Distracted        |       |       |       |     1 ||     1
Armor: Scale mail        |    19 |       |       |       ||    19
       Plate armour      |    58 |   118 |   101 |       ||   277
       Chain mail        |       |       |   124 |   329 ||   453
Dodge: Dodged            |    39 |    46 |    49 |    95 ||   229
Block: Buckler           |    25 |    27 |       |       ||    52
       Tower shield      |       |    20 |   398 |   665 ||  1083

Table legend: (Time is in decaauts)
 A = Elapsed time spent in this place.
 B = Non-inter-level travel time spent in this place.
 C = Inter-level travel time spent in this place.
 D = Time resting spent in this place.
 E = Time spent auto-exploring this place.
 F = Levels seen in this place.
 G = Mean time per level.
                   A        B        C        D        E       F      G
               +--------+--------+--------+--------+--------+-----+--------+
         Total |  10563 |   9847 |    716 |    733 |   6422 |  14 |  754.5 |
       Dungeon |  10015 |   9331 |    684 |    733 |   6197 |  11 |  910.5 |
        Temple |     63 |     52 |     11 |      0 |     31 |   1 |   63.0 |
  Orcish Mines |    483 |    463 |     20 |      0 |    194 |   2 |  241.5 |
               +--------+--------+--------+--------+--------+-----+--------+

Top non-repeatable levels by time:
     D:4: 1478 daAuts
     D:7: 1350 daAuts
    D:10: 1126 daAuts
     D:8: 1022 daAuts
     D:1: 980 daAuts
     D:9: 880 daAuts
     D:2: 861 daAuts
     D:5: 812 daAuts
     D:3: 762 daAuts
     D:6: 738 daAuts
   Orc:1: 361 daAuts
   Orc:2: 122 daAuts
  Temple: 63 daAuts
    D:11: 1 daAuts
